AoeStats
← r93robin

Black Forest

510160424Analyzed
2v2 RM · 16h ago on Sep 29, 2026· 52m 17s· 4 players
Game mode
Random Map
Map size
Medium (4 player)
Population
200
Speed
Normal
Resources
Standard
Victory
Conquest
Starting age
Dark Age
Ending age
Imperial Age
RankedLock teamsTeams togetherTeam positionsShared explorationLock speedFull tech treeHidden civsTurbo modeCheats
Victory
Defeat
🇲🇽 Lithuanians · Mexico
764
+15
🇧🇪 Franks · Belgium
623
+21
🇨🇦 Britons · Canada
750
-19
🇺🇸 Franks · United States
715
-17
Amachali
1:07 Loom
23:43 Feudal Age
26:25 Double-Bit Axe
33:13 Castle Age
32:25 Forging
32:05 Fletching
35:48 Bow Saw
37:51 Wheelbarrow
37:14 Stone Mining
37:15 Gold Mining
37:39 Caravan
40:02 Hand Cart
47:53 Imperial Age
47:06 Iron Casting
46:32 Scale Mail Armor
49:32 Pikeman
50:15 Squires
Lucinka
0:30 Loom
12:20 Feudal Age
16:51 Forging
16:42 Scale Mail Armor
16:05 Man-at-Arms
17:58 Fletching
18:10 Padded Archer Armor
23:50 Castle Age
21:41 Horse Collar
22:23 Double-Bit Axe
23:09 Stone Mining
23:10 Gold Mining
24:32 Heavy Plow
24:46 Bow Saw
25:44 Leather Archer Armor
25:34 Crossbowman
27:06 Fortified Wall
28:15 Bodkin Arrow
29:32 Gold Shaft Mining
30:53 Elite Skirmisher
36:31 Imperial Age
35:27 Wheelbarrow
35:10 Treadmill Crane
35:26 Murder Holes
35:52 Ballistics
36:12 Iron Casting
35:53 Chain Mail Armor
37:04 Arbalester
37:49 Bracer
38:10 Hand Cart
38:46 Conscription
39:24 Caravan
40:36 Hoardings
39:38 Cranequins
42:00 Two-Man Saw
41:29 Heavy Mounted Crossbowman
44:06 Ring Archer Armor
44:36 Blast Furnace
47:18 Chemistry
46:29 Masonry
47:19 Warwolf
47:40 Yeomen
47:51 Elite Longbowman
49:28 Plate Mail Armor
52:05 Scale Barding Armor
r93robin
0:37 Loom
11:25 Feudal Age
16:50 Castle Age
15:31 Double-Bit Axe
17:42 Bow Saw
25:10 Stone Mining
29:40 Gold Mining
30:38 Town Watch
32:01 Gold Shaft Mining
32:44 Wheelbarrow
33:16 Husbandry
35:37 Ordonnance Companies
38:42 Caravan
41:56 Imperial Age
40:52 Scale Barding Armor
40:57 Forging
42:01 Chain Barding Armor
41:43 Scale Mail Armor
43:10 Cavalier
45:01 Plate Barding Armor
45:06 Conscription
46:18 Iron Casting
45:59 Chain Mail Armor
49:55 Paladin
51:23 Plate Mail Armor
51:17 Town Patrol
51:33 Hand Cart
51:42 Chivalry
51:48 Chivalry
AMADOMANDA
0:31 Loom
18:13 Feudal Age
18:51 Double-Bit Axe
18:50 Horse Collar
20:47 Gold Mining
20:47 Stone Mining
24:26 Castle Age
23:38 Wheelbarrow
22:49 Town Watch
24:42 Man-at-Arms
26:32 Caravan
27:32 Stone Shaft Mining
27:11 Bow Saw
28:20 Heavy Plow
28:58 Hand Cart
31:07 Fervor
31:52 Treadmill Crane
32:22 Fortified Wall
34:01 Town Patrol
35:02 Long Swordsman
39:08 Imperial Age
40:38 Crop Rotation
41:10 Two-Man Saw
40:45 Conscription
39:49 Elite Leitis
40:30 Tower Shields
40:30 Hill Forts
41:06 Hoardings
40:48 Forging
40:38 Scale Mail Armor
40:43 Scale Barding Armor
40:28 Fletching
40:39 Padded Archer Armor
41:41 Chemistry
42:48 Iron Casting
42:28 Chain Mail Armor
42:20 Two-Handed Swordsman
43:01 Squires
42:47 Arson
44:18 Chain Barding Armor
43:55 Bodkin Arrow
46:25 Leather Archer Armor
48:05 Husbandry
48:15 Bloodlines
47:27 Champion
47:28 Pikeman
48:53 Coinage
48:35 Guilds
49:07 Plate Barding Armor
48:32 Bracer
Connection lost

Rejoining the realm…

Still unreachable

The connection could not be restored.

Session expired

The server has moved on; the page needs a fresh start.